Map: [ESL] Dragon Scales

Players

Maru - Winner!

  • Race: Terran Terran

Oliveira

  • Race: Terran Terran

Event: IEM Katowice 2023

VOD

https://www.youtube.com/watch?v=TIAcACrBxJ4

Description

Time

  • Played on: Feb. 12, 2023, 1:06 p.m.
  • Length: 5:44

All games in this series

Show
View Real Time Build Order
Export as new Build Order

Maru Terran - Winner!

Build Orders:  

Get SALT Encoding   

  12  0:00  SCV  
  13  0:12  SCV  
  14  0:16  Supply Depot  
  14  0:24  SCV  
  15  0:38  SCV  
  15  0:39  Barracks  
  15  0:42  Refinery  
  16  0:50  SCV  
  16  0:53  Refinery  
  17  1:02  SCV  
  18  1:14  SCV  
  19  1:26  Orbital Command, Reaper  
  19  1:31  Supply Depot  
  20  1:42  Factory  
  20  1:51  SCV  
  21  1:58  Barracks Reactor  
  21  2:04  SCV  
  22  2:16  SCV  
  22  2:21  Command Center  
  23  2:27  Hellion  
  23  2:28  SCV  
  26  2:35  Reaper  
  26  2:36  Supply Depot  
  27  2:38  Reaper  
  27  2:40  SCV  
  29  2:49  Hellion  
  31  2:57  SCV, Starport  
  32  3:07  Marine  
  32  3:09  Marine  
  32  3:10  Factory Tech Lab  
  34  3:17  SCV  
  35  3:25  Marine  
  36  3:27  Marine  
  36  3:31  SCV  
  36  3:32  Siege Tank, Orbital Command  
  41  3:36  Medivac  
  43  3:43  Marine  
  43  3:44  Supply Depot  
  43  3:45  Marine  
  45  3:51  SCV  
  45  3:52  Refinery  
  46  3:59  SCV  
  47  4:04  Cyclone  
  47  4:05  Marine x2  
  47  4:08  Starport Tech Lab  
  52  4:10  SCV  
  52  4:11  SCV  
  54  4:19  Supply Depot  
  54  4:23  Marine x2  
  56  4:28  SCV  
  56  4:29  SCV  
  58  4:39  Siege Tank  
  58  4:40  Marine x2, SCV  
  58  4:42  SCV  
  58  4:44  Supply Depot  
  63  4:53  SCV  
  63  4:54  SCV  
  63  4:55  Raven  
  65  5:05  SCV, Supply Depot  
  65  5:06  SCV  
  64  5:11  Siege Tank  
  60  5:17  SCV  
  60  5:18  SCV  
  60  5:29  SCV  
  60  5:30  SCV  
  60  5:32  Command Center  
Show
View Real Time Build Order
Export as new Build Order

Oliveira Terran 

Build Orders:  

Get SALT Encoding   

  12  0:00  SCV  
  13  0:12  SCV  
  14  0:17  Supply Depot  
  14  0:24  SCV  
  15  0:39  SCV  
  15  0:41  Barracks  
  16  0:43  Refinery  
  16  0:51  SCV  
  16  0:55  Refinery  
  17  1:03  SCV  
  18  1:15  SCV  
  19  1:28  Reaper  
  19  1:29  Orbital Command  
  19  1:30  Supply Depot  
  20  1:45  Factory  
  20  1:54  SCV  
  21  2:02  Reaper  
  21  2:07  SCV  
  23  2:20  Command Center  
  23  2:23  SCV  
  23  2:29  Hellion  
  26  2:36  SCV, Reaper  
  28  2:40  Supply Depot  
  28  2:48  SCV  
  28  2:51  Widow Mine  
  31  2:56  Starport  
  31  3:01  SCV  
  32  3:10  Barracks Reactor  
  32  3:13  Factory Tech Lab  
  32  3:14  SCV  
  33  3:23  Refinery  
  33  3:26  SCV  
  34  3:32  Orbital Command, Cyclone  
  34  3:33  Starport Tech Lab  
  37  3:38  SCV  
  38  3:49  Marine x2  
  38  3:50  SCV  
  38  3:52  Raven  
  43  3:58  SCV  
  43  4:02  SCV  
  45  4:07  Siege Tank, Supply Depot  
  50  4:10  SCV  
  50  4:14  SCV  
  50  4:22  Command Center  
  51  4:24  SCV  
  51  4:26  SCV  
  54  4:31  Marine, Raven  
  54  4:32  Marine  
  54  4:36  SCV  
  57  4:40  Siege Tank  
  60  4:49  Marine  
  60  4:50  Marine  
  52  4:55  SCV  
  48  5:07  Marine  
  48  5:08  Marine  
  48  5:10  SCV  
  48  5:12  Siege Tank  
  46  5:16  SCV  
  44  5:23  SCV  
  45  5:29  SCV  

Tags
 
Add a new tag
Caveats
  • Supply blocks, unpowered buildings, or Contaminate may cause inaccurate times.
  • Supply counts are checked every 10 seconds.